 Dungeon Sprint DCSS version 0.29.1-2-gbd0b4ee654 (webtiles) character file.

Game seed: 16837024113467627892

3416 Groucho the Unseen (level 9, -5/44 HPs)
             Began as a Spriggan Enchanter on Oct 30, 2022.
             Was an Initiate of Gozag.
             Engulfed by a death drake's foul pestilence (11 damage)
             ... in the Dungeon (Sprint II: "The Violet Keep of Menkaure").
             The game lasted 00:05:31 (1623 turns).

Groucho the Unseen (Spriggan Enchanter)             Turns: 1623, Time: 00:05:31

Health: -5/44      AC:  4    Str:  8    XL:     9   Next: 76%
Magic:  20/26      EV: 22    Int: 16    God:    Gozag
Gold:   2046       SH:  0    Dex: 16    Spells: 24/32 levels left

rFire   . . .      SeeInvis +   a - +1 dagger
rCold   . . .      Faith    .   (no shield)
rNeg    . . .      Spirit   .   k - +1 robe "Dyuficw" {+Blink}
rPois   +          Reflect  .   (helmet restricted)
rElec   .          Harm     .   j - +0 cloak {rPois}
rCorr   .          Rampage  .   (gloves unavailable)
Will    +....      NoTele   +   (boots unavailable)
Stlth   ++++++++..              (no amulet)
HPRegen 0.14/turn               f - ring of flight
MPRegen 0.20/turn               (no ring)

@: gold aura, flying, slowed, quick
A: very small, no large weapons, unfitting armour, see invisible, speed 3
a: Renounce Religion, Evoke Blink, Potion Petition, Call Merchant, Bribe Branch


You were in the Dungeon.
You worshipped Gozag.
Gozag was most pleased with you.
You visited 1 branch You collected 2574 gold pieces.
You spent 528 gold pieces at shops.

Inventory:

Hand Weapons
 a - a +1 dagger (weapon)
Armour
 j - a +0 cloak of poison resistance (worn)
 k - the +1 robe "Dyuficw" (worn) {+Blink}
   (You bought it in a shop in the Dungeon)

   +Blink:    It lets you blink.
Jewellery
 f - a ring of flight (left hand)
Scrolls
 b - a scroll of poison {unknown}
 i - a scroll of blinking
Potions
 d - a potion of curing
 g - 2 potions of magic
 h - a potion of berserk rage


   Skills:
 + Level 3.5 Fighting
 * Level 6.9 Short Blades
 * Level 8.7 Dodging
 + Level 20.5 Stealth
 + Level 12.3 Spellcasting
 * Level 4.6 Conjurations
 + Level 12.5 Hexes


You had 24 spell levels left.
You knew the following spells:

 Your Spells              Type           Power      Damage    Failure   Level
a - Ensorcelled Hibernat  Hex/Ice        60%        N/A       1%          2
b - Confusing Touch       Hex            50%        N/A       1%          3
c - Dazzling Flash        Conj/Hex       74%        N/A       1%          3

Your spell library contained the following spells:

 Spells                   Type           Power      Damage    Failure   Level
 Tukima's Dance           Hex            50%        N/A       1%          3


Dungeon Overview and Level Annotations

Branches:
Dungeon (1/1)

Altars:
Cheibriados
Dithmenos
Elyvilon
Fedhas
Gozag
Hepliaklqana
Kikubaaqudgha
Makhleb
Nemelex Xobeh
Okawaru
Qazlal
Ru
Sif Muna
Trog
Uskayaw
Vehumet
Wu Jian
Xom
Yredelemnul
Zin
The Shining One
Jiyva
Lugonu

Shops:
D *?:*=!?((=[![:[

Annotations:
D exclusion: oklob plant


Innate Abilities, Weirdness & Mutations

You are very small and have problems with some larger weapons.
You are too small for most types of armour.
You have supernaturally acute eyesight. (SInv)
You cover ground extremely quickly. (Speed+++)


Message History

You miscast Confusing Touch.
You are very lightly contaminated with residual magic.
Nothing appears to happen.
A swamp drake comes into view.
The crystal guardian fails to trigger a net trap.
Unknown command.
You hit the crystal guardian but do no damage.
The crystal guardian closely misses you.
A death drake comes into view.
You hit the crystal guardian but do no damage.
You hit the crystal guardian but do no damage.
The crystal guardian hits you but does no damage.
Casting: Confusing Touch (safe; 1% risk of failure)
Confirm with . or Enter, or press ? or * to list all spells.
Your hands begin to glow red.
The crystal guardian fires a crystalline bolt at you.
The crystal bolt misses you. x2
You hit the crystal guardian but do no damage.
The crystal guardian is completely immune to your confusing touch!
Your hands stop glowing.
The crystal guardian hits you.
You hit the crystal guardian but do no damage.
The death drake bites you!
You hit the crystal guardian but do no damage.
The death drake bites you! The crystal guardian hits you!
* * * LOW HITPOINT WARNING * * *
A death drake comes into view.
The swamp drake breathes poison at you.
The noxious blast engulfs the crystal guardian but does no damage.
Unknown command.
Unknown command.
There is an open door here.
The death drake breathes miasma at you. The foul vapour misses you.
Your magical contamination has completely faded away.
You see here a +0 flail.
You reach down and close the door.
You are engulfed in dark miasma.
You feel yourself slow down.
You die...
Your body crumbles into a pile of gold.

$ $ $ $ ##++## $$$ ## ##≈...###
~## . #e≈.....# ~~#+++# ####....#
~~.... #."'.^..# $ $
~~~.##+##..#..####.# $$
~~~##...##.####○@+9##k# $
~~~#..#..# ...#○○#k°k#### $
~####.#.####..#####°°##)#▓!!:|):)
##.###'###.##..#..'°°#..#▓[:!$()$
#.).##.##..##..#..#..#..#▓(??[?$$
'.#.'.<.'##.'..####.^##.#▓)??((!?
#...##.##..##....###...##▓▓▓▓▓▓▓+
##.###'###.##......~~~~~~~~~~~~~.
~####...####~~.....~#'########+##


There were no monsters in sight!

Vanquished Creatures
  A merfolk siren (D)
  A yaktaur (D)
  A hornet (D)
  5 polar bears (D)
  3 wyverns (D)
  4 neqoxecs (D)
  Menkaure (D)
  A swamp drake (D)
  4 necrophages (D)
  4 scorpions (D)
25 creatures vanquished.

Vanquished Creatures (others)
  A water moccasin (D)
1 creature vanquished.

Grand Total: 26 creatures vanquished

Notes
Turn   | Place    | Note
-------+----------+-------------------------------------------
     0 | D        | Groucho the Spriggan Enchanter began the quest for the Orb.
     0 | D        | Reached XP level 1. HP: 9/9 MP: 5/5
     1 | D        | Noticed a necrophage
     1 | D        | Noticed a necrophage
     1 | D        | Noticed a necrophage
     1 | D        | Noticed a necrophage
    11 | D        | Killed a necrophage
    12 | D        | Reached skill level 9 in Stealth
    12 | D        | Reached skill level 5 in Spellcasting
    12 | D        | Reached skill level 5 in Hexes
    12 | D        | Reached XP level 2. HP: 13/13 MP: 6/9
    12 | D        | Reached XP level 3. HP: 16/16 MP: 6/10
    17 | D        | Killed a necrophage
    18 | D        | Reached skill level 11 in Stealth
    18 | D        | Reached XP level 4. HP: 21/21 MP: 7/13
    19 | D        | Killed a necrophage
    20 | D        | Reached skill level 12 in Stealth
    20 | D        | Reached XP level 5. HP: 24/24 MP: 7/15
    22 | D        | Reached skill level 13 in Stealth
    25 | D        | Learned a level 2 spell: Ensorcelled Hibernation
    29 | D        | Learned a level 3 spell: Confusing Touch
    33 | D        | Learned a level 3 spell: Dazzling Flash
    35 | D        | Noticed a merfolk siren
    38 | D        | Killed a merfolk siren
    39 | D        | Reached skill level 17 in Stealth
    39 | D        | Reached skill level 10 in Hexes
    39 | D        | Reached XP level 6. HP: 28/28 MP: 9/19
    39 | D        | Reached XP level 7. HP: 32/32 MP: 9/21
    48 | D        | Reached skill level 10 in Spellcasting
    51 | D        | Reached skill level 18 in Stealth
    57 | D        | Noticed a neqoxec
    57 | D        | Noticed a neqoxec
    57 | D        | Noticed a neqoxec
    57 | D        | Noticed a neqoxec
    59 | D        | Killed a neqoxec
    61 | D        | Killed a neqoxec
    62 | D        | Reached skill level 19 in Stealth
    62 | D        | Reached XP level 8. HP: 36/36 MP: 11/23
    66 | D        | Reached skill level 1 in Conjurations
   102 | D        | Found Peunig's Antique Weapon Emporium.
   102 | D        | Found Hanaaqut's Antique Armour Emporium.
   102 | D        | Found Hoparet's Antique Armour Emporium.
   102 | D        | Found Ganlol's Antique Weapon Shoppe.
   102 | D        | Found Lusch's Jewellery Shoppe.
   353 | D        | Found Otohaimnua's Antique Armour Emporium.
   353 | D        | Found Dyuh's Distillery.
   353 | D        | Found Yshenu Wiel's Book Shoppe.
   354 | D        | Found Sotiqomo's Magic Scroll Shoppe.
   354 | D        | Found Moeconk's Distillery.
   354 | D        | Noticed Menkaure
   354 | D        | Noticed a slime creature
   354 | D        | Noticed a slime creature
   390 | D        | Killed Menkaure
   391 | D        | Reached skill level 1 in Fighting
   392 | D        | Found Beisav's Jewellery Emporium.
   392 | D        | Found Yxuavyn's Assorted Antiques.
   392 | D        | Noticed a slime creature
   392 | D        | Noticed an oklob plant
   682 | D        | Found Sunued's Magic Scroll Shoppe.
   682 | D        | Found Oschettem's Book Shoppe.
   682 | D        | Found Qodiloyc's Assorted Antiques.
   683 | D        | Noticed a hell hog
   684 | D        | Noticed a hell hog
   703 | D        | Bought a ring of flight for 175 gold pieces
   734 | D        | Bought a runed cloak for 217 gold pieces
   736 | D        | Bought a crude robe for 136 gold pieces
   736 | D        | Identified the +1 robe "Dyuficw" {+Blink} (You bought it in
                  | a shop in the Dungeon)
   776 | D        | Found a snail-covered altar of Cheibriados.
   777 | D        | Found a shadowy altar of Dithmenos.
   777 | D        | Found a viscous altar of Jiyva.
   778 | D        | Found a white marble altar of Elyvilon.
   778 | D        | Found an ancient bone altar of Kikubaaqudgha.
   779 | D        | Found a blossoming altar of Fedhas.
   779 | D        | Found a corrupted altar of Lugonu.
   779 | D        | Found a shimmering blue altar of Sif Muna.
   781 | D        | Found an opulent altar of Gozag.
   781 | D        | Found a burning altar of Makhleb.
   781 | D        | Found a bloodstained altar of Trog.
   782 | D        | Found a sparkling altar of Nemelex Xobeh.
   782 | D        | Found a hide-covered altar of Uskayaw.
   783 | D        | Found a basalt altar of Yredelemnul.
   784 | D        | Found an iron altar of Okawaru.
   784 | D        | Found a radiant altar of Vehumet.
   784 | D        | Found a glowing silver altar of Zin.
   784 | D        | Found a hazy altar of Hepliaklqana.
   784 | D        | Found a sacrificial altar of Ru.
   784 | D        | Found a shimmering altar of Xom.
   784 | D        | Noticed a hornet
   784 | D        | Noticed a polar bear
   785 | D        | Found a stormy altar of Qazlal.
   785 | D        | Found an ornate altar of the Wu Jian Council.
   785 | D        | Found a glowing golden altar of the Shining One.
   785 | D        | Noticed a yaktaur
   795 | D        | Became a worshipper of Gozag Ym Sagoz the Greedy
   803 | D        | Noticed a polar bear
   803 | D        | Noticed a polar bear
   804 | D        | Killed a polar bear
   805 | D        | Killed a polar bear
   806 | D        | Reached skill level 5 in Dodging
   807 | D        | Killed a polar bear
   808 | D        | Reached skill level 20 in Stealth
   808 | D        | Reached XP level 9. HP: 42/42 MP: 25/25
   809 | D        | Reached skill level 5 in Short Blades
   810 | D        | Killed a yaktaur
   845 | D        | Noticed a polar bear
   846 | D        | Noticed a polar bear
   848 | D        | Killed a polar bear
   849 | D        | Killed a polar bear
   858 | D        | Noticed a deep elf master archer
  1184 | D        | Noticed a fire dragon
  1611 | D        | Noticed a crystal guardian
  1615 | D        | Noticed a death drake
  1620 | D        | Noticed a death drake
  1623 | D        | Engulfed by a death drake's foul pestilence

Illustrated notes

Levels and vault maps discovered:
D:        the_violet_keep_of_menkaure [sprint2_stairs_cluster_1,
          sprint2_shoproom, sprint2_temple, sprint2_basic_supplies,
          sprint2_obstacle_3, sprint2_obstacle_7, sprint2_obstacle_6,
          sprint2_obstacle_2, sprint2_obstacle_4, sprint2_timed_cluster_1,
          sprint2_smallroom_cluster_1, sprint2_smallroom_final_cluster_1,
          sprint2_transparent_cluster_1, sprint2_second_timed_cluster_1,
          sprint2_sniper_area_1, sprint2_heavy_combat_area_1,
          sprint2_mutation_trap_area_1, sprint2_forest_area_1,
          sprint2_light_combat_area_1, sprint2_behind_water_1,
          sprint2_near_end_vault_1]

Skill      XL: |  1  2  3  4  5  6  7  8  9 |
---------------+----------------------------+-----
Stealth        | 9 11 12 17 19 20 | 20.5
Spellcasting   | 5 6 7 9 10 11 12 | 12.3
Hexes          | 5 6 7 10 11 12 | 12.5
Short Blades   | 4 6 |  6.9
Dodging        | 6 8 |  8.7
Conjurations   | 2 4 |  4.6
Fighting       | 2 3 |  3.5

Action                   |  1- 3 |  4- 6 |  7- 9 || total
-------------------------+-------+-------+-------++-------
Melee: Dagger            |    13 |     3 |    39 ||    55
       Punch             |       |       |     1 ||     1
 Cast: Confusing Touch   |       |       |     4 ||     4
       Ensorcelled Hiber |       |       |     1 ||     1
       Dazzling Flash    |       |       |     1 ||     1
  Use: Potion            |     2 |       |     2 ||     4
 Stab: Invisible         |     3 |     1 |       ||     4
       Sleeping          |       |     2 |    19 ||    21
       Confused          |       |       |     3 ||     3
Armor: Robe              |       |       |     1 ||     1
Dodge: Dodged            |     8 |     1 |    16 ||    25
